 Dungeon Crawl Stone Soup version 0.27.1-33-g824d729ab1 (webtiles) character file.

Game seed: 2516881193590118271

141499 belegose the Peltast (level 16, -2/128 HPs)
             Began as a Purple Draconian Abyssal Knight on Dec 24, 2021.
             Was a High Priest of Lugonu.
             Slain by an alligator snapping turtle (40 damage)
             ... on level 3 of the Shoals.
             The game lasted 03:01:11 (46751 turns).

belegose the Peltast (DrAK)                        Turns: 46751, Time: 03:01:11

Health: -2/128     AC: 13    Str: 17    XL:     16   Next: 78%
Magic:  25/25      EV: 16    Int: 19    God:    Lugonu [*****.]
Gold:   538        SH: 28    Dex: 11    Spells: 20/21 levels left

rFire    + + .     SeeInvis .   a - +7 demon blade (elec)
rCold    . . .     Faith    .   n - +0 tower shield
rNeg     . . .     Spirit   .   (armour unavailable)
rPois    .         Reflect  +   (helmet restricted)
rElec    .         Harm     .   l - scarf {+Inv}
rCorr    .         Rampage  .   T - +0 pair of gloves
Will     ++...                  z - +2 pair of boots {Stlth+}
Stlth    ++++++....             M - amulet of reflection
HPRegen  0.31/turn              p - +4 ring of slaying
MPRegen  0.19/turn              W - ring "Fuifi" {rF++ EV+4 Stlth+}

@: studying Shields
A: breathe power, AC +9, unfitting armour, cold-blooded, stinger 1, large bone
plates 1, strong 1
a: Breathe Dispelling Energy, Renounce Religion, Evoke Invisibility, Depart the
Abyss, Bend Space, Banish, Corrupt, Enter the Abyss


You were on level 3 of the Shoals.
You worshipped Lugonu.
Lugonu was extremely pleased with you.
You visited 5 branches of the dungeon, and saw 27 of its levels.
You visited the Abyss 2 times.
You also visited: Gauntlet, Ice Cave and Volcano.

You collected 2419 gold pieces.
You spent 1881 gold pieces at shops.

Inventory:

Hand Weapons
 a - a +7 demon blade of electrocution (weapon)
 b - the +7 quick blade "Neotaull" {vorpal, rC+}
   (You found it on level 6 of the Lair of Beasts)

   It inflicts extra damage upon your enemies.
   rC:        It protects you from cold.
 w - a +0 dagger of venom
 Y - a +0 spear
Missiles
 d - 29 boomerangs
 q - 10 silver javelins
 s - 163 poisoned darts (quivered)
 v - 14 javelins
 F - 8 silver boomerangs
 U - a throwing net
Armour
 l - a scarf of invisibility (worn)
 n - a +0 tower shield (worn)
 z - a +2 pair of boots of stealth (worn)
 J - a +2 cloak of preservation
 T - a +0 pair of gloves (worn)
Jewellery
 p - a +4 ring of slaying (left hand)
 t - a ring of protection from fire
 H - a ring of wizardry
 I - a ring of protection from cold
 M - an amulet of reflection (around neck)
 W - the ring "Fuifi" (right hand) {rF++ EV+4 Stlth+}
   (You found it on level 6 of the Lair of Beasts)

   [ring of evasion]

   EV:        It affects your evasion (+4).
   rF:        It greatly protects you from fire.
   Stlth:     It makes you more stealthy.
 Z - a ring of resist corrosion
Wands
 B - a wand of polymorph (6)
 C - a wand of flame (18)
 E - a wand of paralysis (8)
 G - a wand of charming (7)
 L - a wand of acid (6)
 O - a wand of digging (14)
 S - a wand of iceblast (9)
Scrolls
 c - 5 scrolls of identify
 i - 2 scrolls of fog
 m - 8 scrolls of teleportation
 o - 2 scrolls of blinking
 y - 2 scrolls of magic mapping
 K - a scroll of brand weapon
 N - 2 scrolls of enchant armour
 P - 2 scrolls of fear
Potions
 e - a potion of flight
 f - 4 potions of lignification
 g - 2 potions of might
 h - 3 potions of mutation
 k - 12 potions of curing
 r - 3 potions of cancellation
 u - 11 potions of heal wounds
 x - 3 potions of resistance
 A - 2 potions of haste
 D - 4 potions of magic
 Q - a potion of ambrosia {unknown}
 V - 2 potions of invisibility
Miscellaneous
 j - a condenser vane
 R - a phantom mirror
 X - a phial of floods


   Skills:
 + Level 8.0 Fighting
 - Level 3.6(9.6) Short Blades
 + Level 13.4(13.6) Long Blades
 + Level 9.5 Throwing
 - Level 5.8 Dodging
 - Level 10.0 Stealth
 + Level 15.7 Shields
 - Level 3.0 Spellcasting
 - Level 3.0 Necromancy
 - Level 13.0 Invocations
 + Level 11.9 Evocations


You had 20 spell levels left.
You knew the following spells:

 Your Spells              Type           Power      Damage    Failure   Level
a - Animate Skeleton      Necr           28%        N/A       14%         1

Your spell library contained the following spells:

 Spells                   Type           Power      Damage    Failure   Level
 Pain                     Necr           56%        1d6       14%         1
 Vampiric Draining        Necr           7%         2d7       41%         3
 Foxfire                  Conj/Fire      8%         2x1d4     45%         1
 Freeze                   Ice            8%         1d3       45%         1
 Call Canine Familiar     Summ           2%         N/A       83%         3
 Conjure Flame            Conj/Fire      2%         6-21      83%         3
 Dazzling Flash           Conj/Hex       4%         N/A       83%         3
 Frozen Ramparts          Ice            4%         1d2       83%         3
 Gell's Gravitas          Tloc           1%         N/A       83%         3
 Ignite Poison            Fire/Tmut/Pois 2%         N/A       83%         3
 Inner Flame              Hex/Fire       2%         N/A       83%         3
 Portal Projectile        Hex/Tloc       4%         N/A       83%         3
 Stone Arrow              Conj/Erth      4%         3d7       83%         3
 Teleport Other           Tloc           2%         N/A       83%         3
 Hailstorm                Conj/Ice       2%         3d3       99%         4
 Ice Form                 Ice/Tmut       2%         N/A       99%         4
 Leda's Liquefaction      Hex/Erth       1%         N/A       99%         4
 Sticky Flame             Conj/Fire      2%         2d3       99%         4
 Summon Ice Beast         Ice/Summ       2%         N/A       99%         4
 Agony                    Necr           14%        N/A       99%         5
 Freezing Cloud           Conj/Ice/Air   1%         6-21      100%        5
 Silence                  Hex/Air        1%         N/A       100%        5
 Dispersal                Tloc           1%         N/A       100%        6
 Simulacrum               Ice/Necr       4%         N/A       100%        6
 Chain Lightning          Conj/Air       1%         3d1       100%        9
 Polar Vortex             Ice            1%         N/A       100%        9


Dungeon Overview and Level Annotations

Branches:
Dungeon (15/15)            Temple (1/1) D:5            Lair (6/6) D:8
 Shoals (3/4) Lair:2        Snake (0/4) Lair:4        Slime (0/5) Lair:6
    Orc (2/2) D:9             Elf (0/3) Orc:2        Vaults (0/5) D:14
 Depths (0/5) D:15          IceCv (visited)         Volcano (visited)
Gauntlet (visited)

Altars:
Fedhas
Trog
Wu Jian
Jiyva

Shops:
D:4 [   D:6 :   D:8 *   D:13 (:   Orc:2 [[[?   Shoals:1 *

Annotations:
Lair:3 3 runed translucent doors, exclusion: 3 doors, Befuwnopp's ghost, journeyman TrHu
Shoals:1 6 runed translucent doors, exclusion: 6 doors, cdecastro's ghost, journeyman MiBe
Shoals:3 Ilsuiw; Polyphemus
Orc:2 2 transporters, thromnambular's ghost, journeyman DjFE
Abyss:1 Snorg


Innate Abilities, Weirdness & Mutations

You can breathe bolts of dispelling energy.
Your rich purple scales are hard. (AC +9)
You cannot fit into any form of body armour.
You are cold-blooded and may be slowed by cold attacks.
Your tail ends in a poisonous barb.
You are partially covered in large bone plates. (SH +4)
Your muscles are strong. (Str +2)


Message History

s - 163 poisoned darts (gained 4)
The alligator snapping turtle hisses angrily.
You slice the alligator snapping turtle!!
The alligator snapping turtle is lightly wounded.
The alligator snapping turtle bites you!!
You slash the alligator snapping turtle!
Lightning courses through the alligator snapping turtle!
The alligator snapping turtle is moderately wounded.
You hit the alligator snapping turtle.
Lightning courses through the alligator snapping turtle!
The alligator snapping turtle is moderately wounded.
You block the alligator snapping turtle's attack.
You slash the alligator snapping turtle!
The alligator snapping turtle is moderately wounded.
You block the alligator snapping turtle's attack.
You slash the alligator snapping turtle!
The alligator snapping turtle is heavily wounded.
You slash the alligator snapping turtle!
Lightning courses through the alligator snapping turtle!
The alligator snapping turtle is heavily wounded.
You block the alligator snapping turtle's attack.
You slice the alligator snapping turtle!!
The alligator snapping turtle is severely wounded.
You block the alligator snapping turtle's attack.
You slash the alligator snapping turtle!
You tail-slap the alligator snapping turtle, but do no damage.
The alligator snapping turtle is almost dead.
You hit the alligator snapping turtle but do no damage.
The alligator snapping turtle is almost dead.
The alligator snapping turtle bites you!!!
You hit the alligator snapping turtle.
You tail-slap the alligator snapping turtle, but do no damage.
The alligator snapping turtle is almost dead.
The alligator snapping turtle bites you!!
* * * LOW HITPOINT WARNING * * *
You hit the alligator snapping turtle but do no damage.
You tail-slap the alligator snapping turtle, but do no damage.
The alligator snapping turtle is almost dead.
The alligator snapping turtle bites you from afar!!!
You die...

..≈≈≈≈≈≈≈≈≈≈≈≈≈≈..≈≈.
..≈≈≈≈≈≈≈≈≈≈≈≈≈≈≈≈≈≈≈≈≈
...≈≈≈≈≈≈≈≈≈≈≈≈≈≈≈≈≈≈≈...
....≈≈≈≈≈≈≈≈≈≈≈≈≈≈≈≈≈$.).
#....≈≈≈≈≈≈≈≈≈≈≈≈≈≈≈....
##....≈≈≈≈≈≈≈≈≈≈≈≈≈≈...#
.....≈≈≈≈≈≈..≈>≈≈≈≈....#
.....≈≈≈...<...[≈≈≈≈...###.
...≈≈≈....##.=..@.t≈≈..≈≈≈≈
.≈≈≈≈≈≈≈≈≈.##......≈..≈≈≈≈≈
≈≈≈≈≈≈≈≈≈≈≈≈.....#...≈≈≈≈≈≈
≈≈≈≈≈≈≈≈≈≈.≈≈....#[≈≈≈≈≈≈≈≈
≈≈≈≈≈≈≈.≈≈≈≈≈..#>...≈≈..≈≈≈
≈≈≈≈≈≈.≈≈≈≈≈≈≈...(.≈≈....≈≈
≈≈≈≈≈≈≈≈≈≈≈≈≈≈≈≈≈≈(≈≈.....≈
≈≈≈≈≈≈≈≈≈≈≈≈≈≈≈≈≈)..≈.....≈
≈≈≈≈≈≈≈≈≈≈≈≈≈≈≈(≈..^......≈


You could see an alligator snapping turtle.

Vanquished Creatures
  Jorgrun (D:12)
  Rupert (Lair:6)
  A minotaur (Gauntlet)
  3 merfolk impalers
  6 boulder beetles
  2 merfolk avatars
  2 catoblepae
  3 centaur warriors
  2 death knights (D:14)
  5 two-headed ogres
  4 merfolk aquamancers
  A satyr (Shoals:3)
  An ogre mage (D:14)
  10 death yaks
  A hell hog (Volcano)
  Urug (Lair:6)
  Sonja (Lair:3)
  A skeletal warrior (D:13)
  A sixfirhy (D:14)
  8 sea snakes
  A large abomination (Abyss:2)
  8 harpies
  A wolf spider zombie (D:15)
  A necromancer (D:15)
  2 wizards (D:15)
  An orc knight (D:9)
  2 deep elf pyromancers (D:15)
  13 ugly things (D:13)
  12 manticores
  7 fauns
  2 oklob plants
  6 cyclopes
  28 elephants
  3 orc sorcerers
  4 black mambas
  8 merfolk sirens
  2 water nymphs
  A naga mage (D:15)
  A smoke demon (Abyss:2)
  A molten gargoyle (Volcano)
  2 torpor snails
  4 unseen horrors
  A centaur skeleton (D:15)
  13 cane toads
  5 yaktaurs (D:15)
  Maggie (Lair:2)
  6 rime drakes (Lair:6)
  3 freezing wraiths
  10 komodo dragons
  An anaconda simulacrum (IceCv)
  4 polar bears
  17 merfolk
  6 trolls
  A raiju (Abyss:2)
  5 wind drakes
  Prince Ribbit (D:5)
  4 hornets
  9 snapping turtles
  15 dream sheep
  9 blink frogs
  A centaur simulacrum (D:14)
  2 shadows
  51 yaks
  A dire elephant simulacrum (IceCv)
  12 water elementals
  4 wyverns
  13 fire bats
  Grum (Lair:1)
  2 vampires
  6 wraiths
  5 basilisks
  2 steam dragons
  2 chaos spawn (Gauntlet)
  6 vampire mosquitoes (D:13)
  2 acid dragons
  A harpy simulacrum (D:15)
  3 wargs
  Edmund (D:6)
  13 water moccasins
  2 hell hounds (Volcano)
  18 orc warriors
  3 black bears
  An ice beast (D:6)
  A black bear (shapeshifter) (D:15)
  4 sky beasts
  8 ogres
  13 wolves
  A phantom (D:6)
  12 centaurs
  4 kobold brigands
  18 bullfrogs
  2 gnoll sergeants
  2 cane toad simulacra
  A water moccasin zombie (D:5)
  4 scorpions
  2 wyvern skeletons (D:5)
  2 elephant simulacra
  3 killer bees (D:8)
  11 electric eels
  6 howler monkeys
  5 wights
  6 lava snakes (Volcano)
  4 hounds
  5 centaur zombies
  A bullfrog zombie (D:6)
  22 orc priests
  3 jellies
  2 bullfrog skeletons
  Crazy Yiuf (D:7)
  An iguana (D:5)
  A scorpion zombie (D:5)
  28 orc wizards
  A polar bear simulacrum (IceCv)
  13 hell rats
  2 wolf simulacra
  A hound zombie (D:5)
  2 hound skeletons
  A howler monkey zombie (D:5)
  4 adders
  7 gnolls
  2 shadow imps
  A white imp (D:8)
  A worm (D:2)
  A dart slug (D:2)
  76 orcs
  9 endoplasms
  3 giant cockroaches
  7 goblins
  8 hobgoblins
  4 quokkas
  11 ball pythons
  4 bats
  6 frilled lizards
  9 kobolds
  5 rats
779 creatures vanquished.

Vanquished Creatures (collateral kills)
  An ugly thing (IceCv)
  3 ice statues (IceCv)
  3 fire bats (Volcano)
  A wolf (Lair:1)
8 creatures vanquished.

Vanquished Creatures (others)
  A hell hound (Volcano)
  A bush (Lair:6)
  2 demonic plants (Gauntlet)
  35 fungi
  79 plants
  4 starspawn tentacles (Abyss:1)
  14 withered plants (Gauntlet)
136 creatures vanquished.

Grand Total: 923 creatures vanquished

Notes
Turn   | Place    | Note
-------+----------+-------------------------------------------
     0 | Abyss:1  | belegose the Draconian Abyssal Knight began the quest for
                  | the Orb.
     0 | Abyss:1  | Reached XP level 1. HP: 19/19 MP: 2/2
    35 | Abyss:1  | Noticed a tentacled starspawn
    48 | D:1      | Escaped the Abyss
   543 | D:1      | Reached XP level 2. HP: 26/26 MP: 3/3
   692 | D:1      | Reached * piety under Lugonu
   782 | D:1      | Found a faded altar of an unknown god.
  1287 | D:2      | Reached XP level 3. HP: 31/31 MP: 4/4
  2507 | D:3      | Learned a level 1 spell: Animate Skeleton
  2758 | D:3      | Reached XP level 4. HP: 40/40 MP: 6/6
  2957 | D:3      | Reached skill level 1 in Short Blades
  2957 | D:3      | Reached skill level 1 in Stealth
  2996 | D:3      | You fall into a shaft and drop 1 floor!
  2996 | D:4      | Noticed an ogre
  3302 | D:4      | Reached XP level 5. HP: 36/46 MP: 5/7
  3331 | D:3      | Reached ** piety under Lugonu
  3519 | D:4      | Found Unaew's Antique Armour Shoppe.
  3555 | D:4      | Reached skill level 1 in Evocations
  3581 | D:4      | Reached skill level 1 in Necromancy
  4231 | D:4      | Killed an ogre
  4232 | D:4      | Reached XP level 6. HP: 52/52 MP: 8/8
  4304 | D:5      | Entered Level 5 of the Dungeon
  4471 | D:5      | Noticed Prince Ribbit
  4497 | D:5      | Killed Prince Ribbit
  4498 | D:5      | Your scales start taking on a rich purple colour.
  4498 | D:5      | Reached XP level 7. HP: 51/60 MP: 7/9
  4808 | D:5      | Found a staircase to the Ecumenical Temple.
  4817 | Temple   | Entered the Ecumenical Temple
  5030 | D:5      | Found an ornate altar of the Wu Jian Council.
  5093 | D:5      | Reached skill level 5 in Fighting
  5194 | D:4      | Bought a pair of runed boots for 232 gold pieces
  5322 | D:5      | Found an ornate altar of the Wu Jian Council.
  5331 | D:5      | Reached XP level 8. HP: 68/68 MP: 11/11
  5542 | D:6      | Found Beybb's Self-Improvement Boutique.
  5618 | D:6      | Noticed Edmund
  5638 | D:6      | Killed Edmund
  5639 | D:6      | Reached skill level 1 in Spellcasting
  5876 | D:6      | Reached skill level 5 in Invocations
  6051 | D:6      | Reached *** piety under Lugonu
  6233 | D:6      | Reached skill level 1 in Shields
  6319 | D:6      | Reached skill level 2 in Shields
  6319 | D:6      | Reached XP level 9. HP: 75/75 MP: 12/12
  6334 | D:6      | Noticed a two-headed ogre
  6351 | D:6      | Reached skill level 3 in Shields
  6550 | D:7      | Reached skill level 4 in Shields
  6852 | D:6      | Reached skill level 1 in Throwing
  7261 | D:7      | Found a runed translucent door.
  7261 | D:7      | Noticed Crazy Yiuf
  7270 | D:7      | Killed Crazy Yiuf
  7271 | D:7      | Reached skill level 5 in Evocations
  7424 | D:7      | Reached skill level 5 in Dodging
  8251 | D:8      | Found Ebru Dupn's Lightly-Used Armoury.
  8283 | D:7      | Reached **** piety under Lugonu
  8325 | D:8      | Noticed an elephant
  8382 | D:8      | Found a staircase to the Lair.
  8399 | D:8      | Paralysed by a hornet for 3 turns
  8669 | D:8      | Reached skill level 5 in Stealth
  8669 | D:8      | Reached XP level 10. HP: 78/84 MP: 14/14
  8711 | D:8      | Killed an elephant
 10714 | D:9      | Reached ***** piety under Lugonu
 10815 | D:9      | Found a staircase to the Orcish Mines.
 11536 | D:10     | Entered Level 10 of the Dungeon
 11536 | D:10     | Noticed a two-headed ogre
 11550 | D:10     | Killed a two-headed ogre
 11551 | D:10     | Reached skill level 5 in Shields
 12148 | D:10     | Reached XP level 11. HP: 84/92 MP: 17/17
 12516 | Orc:1    | Entered Level 1 of the Orcish Mines
 12620 | Orc:1    | Found a dark tunnel.
 12640 | Volcano  | Entered a volcano
 12665 | Volcano  | Reached skill level 6 in Shields
 13265 | Volcano  | Found a radiant altar of Vehumet.
 13265 | Volcano  | Noticed a hell hog
 13273 | Volcano  | Killed a hell hog
 13274 | Volcano  | Reached skill level 7 in Shields
 13520 | Volcano  | Noticed a fire crab
 13521 | Volcano  | Banished a fire crab
 13794 | Orc:1    | Reached skill level 10 in Invocations
 13918 | Orc:1    | Noticed an orc knight
 13963 | D:9      | Reached skill level 8 in Shields
 14036 | D:9      | Killed an orc knight
 14258 | Orc:1    | Noticed an orc sorcerer
 14259 | Orc:1    | Banished an orc sorcerer
 14432 | Orc:2    | Entered Level 2 of the Orcish Mines
 14439 | Orc:2    | Noticed an orc sorcerer
 15073 | Orc:1    | Killed an orc sorcerer
 15085 | Orc:2    | Reached skill level 9 in Shields
 15089 | Orc:2    | Noticed an orc high priest
 15132 | Orc:2    | Banished an orc high priest
 15133 | Orc:2    | Reached XP level 12. HP: 77/100 MP: 7/20
 15865 | Orc:2    | Found a staircase to the Elven Halls.
 16299 | Orc:2    | Found a transporter.
 16299 | Orc:2    | Found a transporter.
 16370 | Orc:2    | Found Edachusch's Antique Armour Shoppe.
 16370 | Orc:2    | Found Syeschupt's Magic Scroll Shoppe.
 16370 | Orc:2    | Found Cuubrec's Antique Armour Emporium.
 16373 | Orc:2    | Found Siaruaru's Armour Emporium.
 16379 | Orc:2    | Bought 2 scrolls of identify for 52 gold pieces
 16379 | Orc:2    | Bought a scroll of identify for 26 gold pieces
 16379 | Orc:2    | Bought a scroll of blinking for 97 gold pieces
 16385 | Orc:2    | Bought a scroll of enchant weapon for 97 gold pieces
 16385 | Orc:2    | Bought a scroll of summoning for 123 gold pieces
 16459 | Orc:2    | Noticed a two-headed ogre
 16460 | Orc:2    | Found a bloodstained altar of Trog.
 16470 | Orc:2    | Noticed thromnambular's ghost (journeyman DjFE)
 16472 | Orc:2    | Noticed a two-headed ogre
 16482 | Orc:2    | Noticed an ettin
 16607 | Orc:2    | Reached skill level 10 in Shields
 16999 | Lair:1   | Entered Level 1 of the Lair of Beasts
 17607 | Lair:1   | Noticed Grum
 17625 | Lair:1   | Killed Grum
 18732 | Lair:2   | Noticed Maggie
 18744 | Lair:2   | Killed Maggie
 19082 | Lair:2   | Found a staircase to the Shoals.
 19899 | Lair:3   | Found a frozen archway.
 19943 | Lair:3   | Reached skill level 11 in Shields
 20027 | IceCv    | Entered an ice cave
 21364 | IceCv    | Reached XP level 13. HP: 100/105 MP: 22/22
 22061 | Lair:3   | Noticed Sonja
 22064 | Lair:3   | Killed Sonja
 22165 | Lair:3   | Found a runed translucent gate.
 22166 | Lair:3   | Found a runed translucent gate.
 22167 | Lair:3   | Found a runed translucent gate.
 22169 | Lair:3   | Found a viscous altar of Jiyva.
 22169 | Lair:3   | Noticed Befuwnopp's ghost (journeyman TrHu)
 22171 | Lair:3   | Noticed a quicksilver ooze
 22935 | Lair:4   | Noticed Snorg
 22939 | Lair:4   | Banished Snorg
 23006 | Lair:4   | Reached skill level 5 in Long Blades
 23338 | Lair:4   | Found a staircase to the Snake Pit.
 24719 | Lair:5   | Reached skill level 12 in Shields
 24926 | Lair:5   | Identified the +4 halberd "Vovukow" {holy, *Corrode rPois
                  | rF+ Str+7}
 25552 | Lair:6   | Entered Level 6 of the Lair of Beasts
 25552 | Lair:6   | Noticed Rupert
 25796 | Lair:6   | Killed Rupert
 25797 | Lair:6   | Reached XP level 14. HP: 111/113 MP: 23/23
 25869 | Lair:6   | Identified the +7 quick blade "Neotaull" {vorpal, rC+}
 26827 | Lair:6   | Reached skill level 10 in Evocations
 27252 | D:11     | Found a gate leading to a gauntlet.
 27256 | Gauntlet | Entered a Gauntlet
 27256 | Gauntlet | Found a transporter.
 27256 | Gauntlet | Found a transporter.
 27260 | Gauntlet | Found a transporter.
 27260 | Gauntlet | Found a transporter.
 27269 | Gauntlet | Found a transporter.
 27282 | Gauntlet | Found a transporter.
 27284 | Gauntlet | Found a transporter.
 27288 | Gauntlet | Found a large runed translucent door.
 27289 | Gauntlet | Found a large runed translucent door.
 27290 | Gauntlet | Found a large runed translucent door.
 27290 | Gauntlet | Found a large runed translucent door.
 27291 | Gauntlet | Found a large runed translucent door.
 27291 | Gauntlet | Found a large runed translucent door.
 27291 | Gauntlet | Found a runed translucent gate.
 27291 | Gauntlet | Found a runed translucent door.
 27292 | Gauntlet | Found a transporter.
 27292 | Gauntlet | Found a runed translucent gate.
 27292 | Gauntlet | Found a transporter.
 27293 | Gauntlet | Found a runed translucent gate.
 27294 | Gauntlet | Found a large runed translucent door.
 27294 | Gauntlet | Found a large runed translucent door.
 27295 | Gauntlet | Found a large runed translucent door.
 27296 | Gauntlet | Found a large runed translucent door.
 27305 | Gauntlet | Found a large runed translucent door.
 27305 | Gauntlet | Found a large runed translucent door.
 27305 | Gauntlet | Found a runed translucent door.
 27330 | Gauntlet | Found a large runed translucent door.
 27331 | Gauntlet | Found a large runed translucent door.
 27333 | Gauntlet | Found a transporter.
 27353 | Gauntlet | Found a transporter.
 27386 | Gauntlet | Found a transporter.
 27404 | Gauntlet | Found a transporter.
 27413 | Gauntlet | Found a transporter.
 27503 | Gauntlet | Found a transporter.
 27524 | Gauntlet | Found a transporter.
 27535 | Gauntlet | Found a large runed translucent door.
 27535 | Gauntlet | Found a large runed translucent door.
 27549 | Gauntlet | Noticed a quicksilver ooze
 27564 | Gauntlet | a quicksilver ooze changed into a catoblepas
 27565 | Gauntlet | Noticed an azure jelly
 27565 | Gauntlet | a catoblepas changed into an azure jelly
 27577 | Gauntlet | Noticed an emperor scorpion
 27577 | Gauntlet | an azure jelly changed into an emperor scorpion
 27652 | Gauntlet | Gained mutation: You sometimes lose the ability to read
                  | scrolls when taking damage. [a neqoxec]
 27733 | Gauntlet | Lost mutation: You sometimes lose the ability to read
                  | scrolls when taking damage. [potion of mutation]
 27733 | Gauntlet | Gained mutation: You are partially covered in large bone
                  | plates. (SH +4) [potion of mutation]
 27733 | Gauntlet | Gained mutation: Your tail ends in a poisonous barb.
                  | [potion of mutation]
 27733 | Gauntlet | Gained mutation: Your muscles are strong. (Str +2) [potion
                  | of mutation]
 27772 | Gauntlet | Noticed a fire giant
 27772 | Gauntlet | a dire elephant changed into a fire giant
 27775 | Gauntlet | Noticed a sphinx
 27775 | Gauntlet | a fire giant changed into a sphinx
 27779 | Gauntlet | Noticed a quicksilver dragon
 27779 | Gauntlet | a sphinx changed into a quicksilver dragon
 27915 | Gauntlet | Noticed a fire giant
 28669 | Gauntlet | Got the Catalogue of Attacks and the Arsonist
 29677 | D:6      | Bought a manual of Shields for 1200 gold pieces
 29792 | Orc:2    | Bought a +0 tower shield for 54 gold pieces
 30143 | Lair:6   | Reached skill level 13 in Shields
 30400 | Lair:5   | Reached skill level 10 in Stealth
 31284 | Lair:5   | Reached skill level 14 in Shields
 31703 | Lair:6   | Noticed Urug
 31714 | Lair:6   | Killed Urug
 31852 | Lair:6   | Reached XP level 15. HP: 114/118 MP: 24/24
 31880 | Lair:6   | Reached skill level 10 in Long Blades
 31922 | Lair:6   | Found a staircase to the Slime Pits.
 32231 | Lair:6   | Identified the ring "Fuifi" {rF++ EV+4 Stlth+}
 33402 | D:12     | Reached skill level 15 in Shields
 33633 | D:12     | Noticed Jorgrun
 33795 | D:12     | Killed Jorgrun
 34312 | D:12     | Reached skill level 5 in Throwing
 35068 | D:13     | Found Geutuan's Weapon Shoppe.
 35280 | D:13     | Found a blossoming altar of Fedhas.
 35346 | D:13     | Found Coanoipt's Book Shoppe.
 35770 | D:14     | Found a gate to the Vaults.
 36756 | D:14     | Identified the +11 hunting sling of Absolution {vorpal, rF-
                  | rN+++ Will- rCorr}
 37877 | D:14     | Found a runed translucent door.
 38206 | Shoals:1 | Entered Level 1 of the Shoals
 38524 | Shoals:1 | Found a runed translucent gate.
 38524 | Shoals:1 | Found a runed translucent gate.
 38525 | Shoals:1 | Found a runed translucent gate.
 38526 | Shoals:1 | Noticed cdecastro's ghost (journeyman MiBe)
 38933 | Shoals:1 | Found Sificko's General Store.
 39124 | Lair:2   | Reached XP level 16. HP: 118/126 MP: 25/25
 39166 | Lair:2   | Reached ****** piety under Lugonu
 39853 | Shoals:1 | Found a runed translucent gate.
 39854 | Shoals:1 | Found a runed translucent gate.
 39855 | Shoals:1 | Found a runed translucent gate.
 40127 | Shoals:2 | Identified the +8 war axe of Circularity {spect, Fly rPois
                  | rCorr Str+3}
 41290 | Shoals:3 | Noticed Polyphemus
 41592 | Shoals:3 | Noticed Ilsuiw
 44803 | D:15     | Entered Level 15 of the Dungeon
 45346 | D:15     | Cast into level 2 of the Abyss (a wizard)
 45438 | Abyss:2  | Found a corrupted altar of Lugonu.
 45440 | D:15     | Escaped the Abyss
 45694 | D:15     | Found a staircase to the Depths.
 46751 | Shoals:3 | Slain by an alligator snapping turtle

Illustrated notes

Levels and vault maps discovered:
D:1:      roderic_crossed_star, layout_basic,
          hellmonk_ecumenical_altar_pennies_from_heaven, nrook_campfire,
          minmay_tiny_reverse_x
D:2:      layout_loops_ring, minmay_octomino_j4
D:3:      layout_loops_ring
D:4:      layout_cave_pools, serial_shops, nicolae_diamond_shop
D:5:      layout_rooms, nicolae_wu_jian_glorious_leap,
          minmay_temple_entry_waves, kennysheep_diamond, uniq_prince_ribbit1
D:6:      minmay_chambers_of_fours, layout_basic, nicolae_shop_self_help,
          uniq_edmund
D:7:      layout_gridville, kennysheep_boxes, uniq_crazy_yiuf_cottage
D:8:      kennysheep_six_static_rooms, layout_basic, david_lair_generic,
          minmay_shop_damaged, minmay_quadrilaterals
D:9:      layout_loops_ring, hiddenorc2_lemuel
D:10:     layout_long_grid, chequers_serial_rivers_room_a
D:11:     layout_basic, gauntlet_entry_generic
D:12:     layout_roguey, kennysheep_generic_room_7, uniq_jorgrun
D:13:     layout_irregular_city, serial_shops, shop, kennysheep_little_box,
          grunt_decor_clamped, fedhas_altar_3
D:14:     cheibrodos_shockbox, layout_rooms, david_vaults_2,
          serial_park_fountain
D:15:     grunt_enter_depths_magical_seal, layout_grid_maze, chequers_arboretum
Temple:   kilobyte_greek_temple
Lair:1:   layout_regular_city, serial_bayou_crossing, grunt_megastairs_5,
          minmay_lair_oklob_chamber, uniq_grum
Lair:2:   layout_roguey, minmay_shoals_entry_hut, serial_bayou_shore_a,
          uniq_maggie
Lair:3:   layout_concentric_octagons, portal_ice_cave_entry_ice_simulacra,
          gammafunk_ghost_ooze, wad_woods_river_01, infiniplex_staircase_pool_2,
          serial_bayou_shore_b, serial_bayou_shore_b, uniq_sonja
Lair:4:   layout_roguey, guppyfry_snake_entry_garden, minivault_23, uniq_snorg
Lair:5:   layout_roguey, lemuel_fruit_tree, grunt_megastairs_1
Lair:6:   gammafunk_lair_ancient_temple, layout_cave_pods, slime_dummy,
          uniq_urug, uniq_rupert
Shoals:1: layout_shoals, serial_shops, nicolae_diamond_shop,
          gammafunk_ghost_tricky_traps, nicolae_shoals_beach_cooler
Shoals:2: layout_shoals, nicolae_shoals_nautilus_by_nature
Shoals:3: cheibrodos_shoals_epimethial_gifts, layout_shoals, serial_shops, shop,
          uniq_ilsuiw, uniq_polyphemus
Orc:1:    layout_caves, nicolae_volcano_entry_lava_flow
Orc:2:    st_orc_mages, layout_caves, gammafunk_ghost_wrathful_warriors

Skill      XL: |  1  2  3  4  5  6  7  8  9 10 11 12 13 14 15 16 |
---------------+-------------------------------------------------+-----
Short Blades   | 1 2 3 |  3.6
Stealth        | 1 2 3 4 5 6 8 10 | 10.0
Invocations    | 3 4 5 6 8 11 12 13 | 13.0
Fighting       | 4 5 6 7 8 |  8.0
Evocations     | 1 2 3 4 5 6 7 9 10 11 | 11.9
Necromancy     | 1 2 3 |  3.0
Dodging        | 3 4 5 |  5.8
Spellcasting   | 2 3 |  3.0
Shields        | 2 4 5 9 11 12 14 15 | 15.7
Throwing       | 2 3 8 9 |  9.5
Long Blades    | 3 6 9 12 13 | 13.4

Action                   |  1- 3 |  4- 6 |  7- 9 | 10-12 | 13-15 | 16-18 || total
-------------------------+-------+-------+-------+-------+-------+-------++-------
Melee: Falchion          |    38 |     9 |    77 |       |       |       ||   124
       Tailslap          |    15 |     9 |    32 |   133 |   246 |    73 ||   508
       Dagger            |    98 |    65 |   214 |   457 |    81 |       ||   915
       Scimitar          |       |       |    22 |   541 |  1037 |       ||  1600
       Quick blade       |       |       |       |       |   221 |       ||   221
       Demon blade       |       |       |       |       |   114 |   454 ||   568
Throw: Stone             |     4 |       |       |     1 |       |       ||     5
       Dart              |       |    13 |    30 |    33 |    70 |    22 ||   168
       Boomerang         |       |       |       |    18 |    15 |    19 ||    52
       Javelin           |       |       |       |       |       |     4 ||     4
 Cast: Animate Skeleton  |       |       |       |       |     3 |       ||     3
Invok: Depart the Abyss  |     1 |       |       |       |       |     1 ||     2
       Banish            |       |       |       |    10 |    11 |     5 ||    26
 Abil: Breathe Dispellin |       |       |    13 |    15 |    17 |       ||    45
Evoke: Wand              |       |       |       |    25 |    22 |    32 ||    79
       Phantom mirror    |       |       |       |       |     1 |       ||     1
  Use: Potion            |       |       |     1 |     1 |     3 |       ||     5
       Scroll            |       |       |     5 |    17 |    15 |     2 ||    39
 Stab: Sleeping          |     5 |     1 |     4 |    14 |    29 |     4 ||    57
       Distracted        |       |       |     1 |     3 |     4 |     4 ||    12
       Petrified         |       |       |       |       |     3 |       ||     3
Armor: Skin              |    31 |    19 |    82 |   206 |   219 |    50 ||   607
Dodge: Dodged            |    89 |    48 |   220 |   469 |   413 |   112 ||  1351
Block: Buckler           |       |       |    27 |    25 |       |       ||    52
       Kite shield       |       |       |       |   687 |   482 |       ||  1169
       Reflection        |       |       |       |    15 |    57 |    32 ||   104
       Tower shield      |       |       |       |       |   878 |   533 ||  1411
       Rpst.: Falchion   |    13 |     4 |    16 |       |       |       ||    33
       Scimitar          |       |       |     6 |    57 |    94 |       ||   157
       Demon blade       |       |       |       |       |     3 |    21 ||    24
